 Dungeon Crawl Stone Soup version 0.22-a0-619-ga0c6fd2 (webtiles) character file.

88 Hebeh the Magician (level 4, 0/24 HPs)
             Began as a Deep Elf Fire Elementalist on July 14, 2018.
             Succumbed to a kobold's poison
             ... on level 3 of the Dungeon.
             The game lasted 00:12:16 (2714 turns).

Hebeh the Magician (Deep Elf Fire Elementalist)     Turns: 2714, Time: 00:12:17

Health: 0/24       AC:  2    Str:  5    XL:     4   Next: 30%
Magic:  8/12       EV: 13    Int: 21    God:
Gold:   96         SH:  0    Dex: 15    Spells: 10/11 levels left

rFire    + . .     SeeInvis .   b - +0 hunting sling
rCold    x . .     Gourm    .   (no shield)
rNeg     . . .     Faith    .   i - +0 robe
rPois    .         Spirit   .   (no helmet)
rElec    .         Reflect  .   (no cloak)
rCorr    .         Harm     .   (no gloves)
MR       .....                  (no boots)
Stlth    ++........             (no amulet)
HPRegen  0.08/turn              j - ring of fire
MPRegen  0.13/turn              (no ring)

@: lethally poisoned (0 -> -8)
A: no striking features
a: no special abilities


You were on level 3 of the Dungeon.
You were not hungry.

You visited 1 branch of the dungeon, and saw 3 of its levels.

You collected 96 gold pieces.

Inventory:

Hand Weapons
 a - a +1 spear of venom
 b - a +0 hunting sling (weapon)
 e - a +0 whip
 g - a +0 spear of piercing
 u - a +0 hand crossbow
Missiles
 h - 5 tomahawks
 k - 75 stones (quivered)
Armour
 i - a +0 robe (worn)
 v - a +2 pair of boots
 w - a cursed +0 robe
Jewellery
 j - a ring of fire (left hand)
Scrolls
 d - a scroll of magic mapping {unknown}
 f - 4 scrolls of identify {unknown}
 o - a scroll of blinking {unknown}
 p - a scroll of enchant armour {unknown}
 s - 2 scrolls of teleportation {unknown}
Potions
 l - a potion of invisibility {unknown}
 m - a potion of ambrosia {unknown}
 n - a potion of haste {unknown}
 q - a potion of might {unknown}
 r - a potion of berserk rage {unknown}
 t - a potion of agility {unknown}
Comestibles
 c - 2 rations


   Skills:
 - Level 2.4 Dodging
 - Level 2.4 Stealth
 + Level 4.0 Spellcasting
 * Level 3.4 Conjurations
 + Level 4.0 Fire Magic


You had 10 spell levels left.
You knew the following spells:

 Your Spells              Type           Power        Failure   Level  Hunger
a - Flame Tongue          Conj/Fire      ####.        2%          1    None

Your spell library contained the following spells:

 Spells                   Type           Power        Failure   Level  Hunger
 Fireball                 Conj/Fire      ####......   58%         5    ######.
 Conjure Flame            Conj/Fire      ####....     8%          3    ###....
 Throw Flame              Conj/Fire      ####..       4%          2    #......
 Sticky Flame             Conj/Fire      ####....     26%         4    ####...
 Inner Flame              Hex/Fire       ###.....     16%         3    ###....


Dungeon Overview and Level Annotations

Branches:
Dungeon (3/15)

Altars:
Kikubaaqudgha


Message History

Aiming: Flame Tongue (safe; 2% risk of failure)
Press: ? - help, Shift-Dir - straight line, f/p - goblin
Aim: a goblin (severely wounded)
You feel a surge of power!
The flame tongue hits the goblin.
You kill the goblin!
Your Fire Magic skill increases to level 4!
The kobold shouts!
The kobold wields a blowgun.
The kobold shoots a poisoned needle.
The poisoned needle hits you!
You are lethally poisoned!
You see here a poisoned needle.
* * * LOW HITPOINT WARNING * * *
You feel sick.
* * * LOW HITPOINT WARNING * * *
You feel sick.
You hear some strange, mumbled words.
A puff of flame appears from out of thin air!
The puff of flame hits you! You resist.
* * * LOW HITPOINT WARNING * * *
You die...

... ...
..##################
....K..............#
#. #..............#
#. #...g{..@......#
#.####o#############
#...o..# #g.#####
#.o# #####..#
.......# ######g#
.... #)########


You could see an orc and a goblin.

Vanquished Creatures
  3 adders (D:2)
  A worm (D:2)
  3 dart slugs
  A leopard gecko (D:3)
  An orc (D:3)
  11 bats
  13 goblins
  5 hobgoblins
  6 kobolds
  A ball python (D:3)
  A frilled lizard (D:1)
  7 rats
53 creatures vanquished.

Notes
Turn   | Place    | Note
-------+----------+-------------------------------------------
     0 | D:1      | Hebeh the Deep Elf Fire Elementalist began the quest for the Orb.
     0 | D:1      | Reached XP level 1. HP: 10/10 MP: 6/6
   199 | D:1      | Reached XP level 2. HP: 15/15 MP: 6/8
   735 | D:1      | Reached XP level 3. HP: 19/19 MP: 7/10
  1714 | D:2      | Reached XP level 4. HP: 24/24 MP: 9/11
  2684 | D:3      | Found an ancient bone altar of Kikubaaqudgha.
  2713 | D:3      | HP: 1/24 [something/puff of flame (2)]
  2714 | D:3      | Succumbed to a kobold's poison

Vault maps used:
D:1:      matt_arrival_diagonals, minmay_misc_feat_rows,
          minmay_misc_feat_more_columns
D:3:      kiku_gazebo_garden_becter, kennysheep_slug_shrine, uniq_grinder

Skill      XL: |  1  2  3  4 |
---------------+-------------+-----
Conjurations   | 2 3 |  3.4
Spellcasting   | 4 |  4.0
Fire Magic     | 4 |  4.0
Dodging        | |  2.4
Stealth        | |  2.4

Action                   |  1- 3 |  4- 6 || total
-------------------------+-------+-------++-------
 Fire: Hunting sling     |    63 |    11 ||    74
Throw: Tomahawk          |     4 |       ||     4
       Stone             |     3 |       ||     3
 Cast: Flame Tongue      |    48 |    13 ||    61
  Eat: Chunk             |     2 |     2 ||     4
       Ration            |       |     1 ||     1
Armor: Robe              |     7 |     2 ||     9
Dodge: Dodged            |    19 |     3 ||    22

Table legend:
 A = Spawn XP
 B = Non-spawn XP
 C = Spawn XP percentage of total XP
 D = Spawn monster count
 E = Non-spawn monster count
 F = Spawn count percentage of total count
 G = Total turns spent on level
                    A         B        C        D         E        F      G
               +---------+---------+-------+---------+---------+-------+---------
         Total |       0 |     127 |   0.0 |       0 |      53 |   0.0 |  2714
               +---------+---------+-------+---------+---------+-------+---------
           D:1 |       0 |      41 |   0.0 |       0 |      25 |   0.0 |   752
           D:2 |       0 |      74 |   0.0 |       0 |      21 |   0.0 |  1910
           D:3 |       0 |      12 |   0.0 |       0 |       7 |   0.0 |    52
               +---------+---------+-------+---------+---------+-------+---------
